Unix NetHack Version 5.0.0-0 post-release - last build Jun 10 2026 00:39:30 (3ee93aec679c4c4259841fe613dc97188e26a321,branch:main).

Game began 2026-06-17 12:32:29, ended 2026-06-17 20:30:52.

Eymerich, chaotic male elven Priest

 --------
 |.u....|
 |.@....|     --------------                             -----------
 |..ff..|     |_...........-####### --.---------         |.........|
 |.>....|     |........_...|      ##|......<...|         |....S....|
 |.....f-#####.............|       #|..........|  #######..........|
 |......|     |......._....|       #............###      |..<......|
 --------     --------------        |..........|         -----------
                         ###########...........|
                                    |..........|
                                    ------------

Eymerich the Adept           St:17 Dx:16 Co:16 In:10 Wi:16 Ch:9  Chaotic
Dlvl:8  $:414 HP:0(60) Pw:118(123) AC:4  Xp:8 T:13006 

Latest messages:
 You hit the owlbear!
 The owlbear just misses!
 The owlbear hits!
 You hit the owlbear!
 The owlbear hits!
 The owlbear just misses!
 You kill the owlbear!
 You see here an owlbear corpse.
 There is an owlbear corpse here; eat it? [ynq] (n)
 This owlbear corpse is fatty.
 You finish eating the owlbear corpse.
 You see here 7 gold pieces.
 $ - 7 gold pieces (414 in total).
 You swap places with Pinky.
 You swap places with Smiley.
 You swap places with Puffa.
 You swap places with Nataly.
 You find a hidden door.
 The door opens.
 There is an altar to The Lady (neutral) here.
 There is an altar to Blind Io (lawful) here.
 There is an altar to Offler (chaotic) here.
 The door opens.
 You hit the lizard!
 The lizard bites!
 You hit the lizard!
 You knock the lizard backward with a forceful blow!
 You kill the lizard!
 You see here a lizard corpse.
 G - a lizard corpse (2 in total).
 Your hands begin to glow red.
 The gray unicorn misses!
 The gray unicorn kicks!
 The gray unicorn butts!
 The gray unicorn misses!
 You hit the gray unicorn!
 Your hands stop glowing red.
 The gray unicorn butts!
 The gray unicorn kicks!
 The gray unicorn butts!
 The gray unicorn misses!
 You hit the gray unicorn!
 The gray unicorn butts!
 The gray unicorn kicks!
 The gray unicorn butts!
 The gray unicorn kicks!
 You die...
 Do you want your possessions identified? [ynq] (y)
 Do you want to see your attributes? [ynq] (y)
 Do you want an account of creatures vanquished? [ynaq] (y)

Inventory:
 Coins    ('$')
  $ - 414 gold pieces
 Weapons  (')')
  S - a +1 arrow
  Z - a +0 bow
  m - 13 blessed +0 darts
  e - 3 +0 darts (at the ready)
  F - a +0 elven dagger
  u - a +0 orcish dagger
  Y - a +0 dwarvish mattock
  a - a blessed +3 mace (weapon in right hand)
  d - a blessed +1 scimitar
 Armor    ('[')
  o - a +0 helm of brilliance (being worn)
  V - a +0 pair of elven boots
  J - a +0 pair of jumping boots
  q - a blessed +2 pair of water walking boots (being worn)
  k - a +0 cloak of displacement
  b - a +0 robe (being worn)
 Comestibles  ('%')
  O - a slime mold
  x - 2 carrots
  P - 2 cloves of garlic (alternate weapons; not wielded)
  y - a cream pie
  D - 2 food rations
  h - 2 fortune cookies
  f - a sprig of wolfsbane
  G - 2 lizard corpses
 Scrolls  ('?')
  T - a scroll of create monster
  j - 2 scrolls of enchant armor
  z - a scroll of fire
  B - a scroll of food detection
  r - 3 scrolls of light
  A - a scroll of magic mapping
  n - a scroll of punishment
 Potions  ('!')
  K - a potion of booze
  W - 2 potions of full healing
  M - a potion of gain ability
  l - a blessed potion of healing
  N - a potion of healing
  g - a potion of monster detection
  U - a potion of oil
  C - a potion of holy water
 Rings    ('=')
  R - a cursed ring of hunger
  s - a ring of levitation
 Wands    ('/')
  w - a wand of cold (0:4)
  I - a wand of fire (0:3)
  p - a wand of secret door detection (0:13)
  c - a wand of striking (0:2)
 Tools    ('(')
  i - a leather drum
  L - an expensive camera (0:42)
  t - a lock pick
  Q - a lock pick
  v - a mirror
 Gems/Stones  ('*')
  H - 2 diamonds named hard
  E - a worthless piece of blue glass named soft
  X - a worthless piece of yellowish brown glass named soft

Eymerich the Priest's attributes:

Background:
 You were an Adept, a level 8 elven Priest.
 You were chaotic, on a mission for Offler
 who was opposed by Blind Io (lawful) and The Lady (neutral).
 You were right-handed.
 You were in the Dungeons of Doom, on level 8.
 You entered the dungeon 13006 turns ago.
 There was a new moon in effect when your adventure ended.
 You had 2338 experience points, 222 more were needed to attain level 9.

Basics:
 You had 0 out of 60 hit points.
 You had 118 out of 123 energy points (spell power).
 Your armor class was 4.
 Your wallet contained 414 zorkmids.
 Autopickup was off.

Final Characteristics:
 Your strength was 17 (limit:18).
 Your dexterity was 16 (limit:18).
 Your constitution was 16 (limit:16).
 Your intelligence was 10 (limit:20).
 Your wisdom was 16 (limit:20).
 Your charisma was 9 (limit:18).

Final Status:
 You weren't hungry.
 You were unencumbered.
 You were wielding a mace.
 You were skilled in mace and could have enhanced that.

Final Attributes:
 You were piously aligned.
 You were sleep resistant.
 You were poison resistant.
 You were telepathic.
 You had infravision.
 You could walk on water.
 You were guarded.
 Your spell casting was enhanced by wearing a robe.
 You are dead.

Miscellaneous:
 You didn't encounter any bones levels.
 Total elapsed playing time was 3 hours, 2 minutes and 16 seconds.

Major events:
 Turn
    1: Eymerich the chaotic elven Priest entered the dungeon
 1133: attained the rank of Acolyte (level 3)
 2791: entered the Gnomish Mines
 5160: attained the rank of Adept (level 6)
13006: killed by a gray unicorn

Spells:
 Name                 Level Category     Fail Retention
 healing                1   healing        0%   26%-50%
 light                  1   clerical       0%   31%-40%
 confuse monster        1   enchantment    0%   26%-50%
 stone to flesh         3   healing       79%   51%-75%

Skills:
 Fighting Skills
   bare handed combat [Unskilled]
 Weapon Skills
   club               [Unskilled]
   mace               [Skilled]
   morning star       [Unskilled]
   flail              [Unskilled]
   hammer             [Unskilled]
   quarterstaff       [Unskilled]
   polearms           [Unskilled]
   spear              [Unskilled]
   trident            [Unskilled]
   lance              [Unskilled]
   bow                [Unskilled]
   sling              [Unskilled]
   crossbow           [Unskilled]
   dart               [Basic]
   shuriken           [Unskilled]
   boomerang          [Unskilled]
   unicorn horn       [Unskilled]
 Spellcasting Skills
   healing spells     [Unskilled]
   divination spells  [Unskilled]
   clerical spells    [Basic]

Voluntary challenges:
 Character rerolling was not enabled.
 You never genocided any monsters.
 You never polymorphed an object.
 You never changed form.
 You used no wishes.
Achievements:
 You entered a shop.
 You attained the rank of Acolyte.
 You entered the Gnomish Mines.
 You attained the rank of Adept.

 The Dungeons of Doom: levels 1 to 8
    Level 1:
       Some fountains.
    Level 2: "vault (done)"
       A general store, an altar, a fountain.
    Level 3: "chest 16 items"
       A food shop.
       Stairs down to The Gnomish Mines.
    Level 4:
    Level 5:
       A general store, some fountains.
    Level 6:
    Level 7:
       Some fountains.
    Level 8: <- You were here.
       Many altars.
       Final resting place for
          you, killed by a gray unicorn.
 The Gnomish Mines:
    Level 4:


Vanquished creatures:
  a vampire leader
  2 small mimics
  a tengu
  a giant beetle
  a lynx
  6 leprechauns
 an orc mummy
 an owlbear
  2 lizards
  a jaguar
  a blue jelly
  a dust vortex
  a raven
  a plains centaur
  3 gnome mummies
  3 human zombies
  a bugbear
 an imp
  a water nymph
  3 Uruk-hai
  3 orc shamans
  a rock piercer
  2 rock moles
  2 yellow lights
  2 shriekers
  3 violet fungi
  3 gnome leaders
  a kobold mummy
  3 gray oozes
  a ghoul
  4 giant ants
  a little dog
  6 floating eyes
  a kitten
  2 dwarves
  3 homunculi
 16 hill orcs
 22 rothes
  2 centipedes
  3 giant bats
  a monkey
  2 orc zombies
  4 dwarf zombies
  4 werejackals
  6 iguanas
 21 killer bees
  5 acid blobs
  2 coyotes
  2 gas spores
  a hobbit
  9 manes
  3 large kobolds
  2 hobgoblins
  8 giant rats
  4 cave spiders
  a brown mold
  a yellow mold
  a green mold
  2 red molds
  8 gnomes
  2 garter snakes
  a gnome zombie
  6 geckos
 16 jackals
  6 foxes
  3 goblins
  2 sewer rats
  9 grid bugs
  3 bats
  4 lichens
  6 kobold zombies
 10 newts
269 creatures vanquished.

No species were genocided or became extinct.

Game over:
                       ----------
                      /          \
                     /    REST    \
                    /      IN      \
                   /     PEACE      \
                  /                  \
                  |     Eymerich     |
                  |      414 Au      |
                  | killed by a gray |
                  |     unicorn      |
                  |                  |
                  |                  |
                  |       2026       |
                 *|     *  *  *      | *
        _________)/\\_//(\/(/\)/\//\/|_)_______

Goodbye Eymerich the Priest...

You died in The Dungeons of Doom on dungeon level 8 with 10125 points,
and 414 pieces of gold, after 13006 moves.
You were level 8 with a maximum of 60 hit points when you died.

